 Dungeon Crawl Stone Soup version 0.28-a0-1395-g4f6bc678fa (webtiles) character file.

Game seed: 17600695971048179643

189 Deminshera the Covered (level 6, -3/48 HPs)
             Began as a Human Fighter on Jan 4, 2022.
             Slain by a scorpion (8 damage)
             ... on level 3 of the Dungeon.
             The game lasted 00:01:36 (2573 turns).

Deminshera the Covered (Human Fighter)              Turns: 2573, Time: 00:01:36

Health: -3/48      AC:  7    Str: 16    XL:     6   Next: 0%
Magic:  6/6        EV:  9    Int: 11    God:
Gold:   51         SH:  5    Dex: 12    Spells: 5/5 levels left

rFire   . . .      SeeInvis .   a - +0 long sword
rCold   . . .      Faith    .   c - +0 buckler
rNeg    . . .      Spirit   .   b - +0 scale mail
rPois   .          Reflect  .   (no helmet)
rElec   .          Harm     .   (no cloak)
rCorr   .          Rampage  .   (no gloves)
Will    .....                   (no boots)
Stlth   ..........              (no amulet)
HPRegen 0.16/turn               (no ring)
MPRegen 0.10/turn               (no ring)

@: lethally poisoned (-3 -> -7)
A: no striking features
a: no special abilities


You were on level 3 of the Dungeon.
You visited 1 branch of the dungeon, and saw 3 of its levels.

You collected 51 gold pieces.

Inventory:

Hand Weapons
 a - a +0 long sword (weapon)
Armour
 b - a +0 scale mail (worn)
 c - a +0 buckler (worn)
Scrolls
 e - a scroll of magic mapping {unknown}
 f - a scroll of brand weapon {unknown}
 k - a scroll of noise {unknown}
 l - 2 scrolls of vulnerability {unknown}
 m - a scroll of torment {unknown}
 p - a scroll of teleportation {unknown}
Potions
 d - a potion of might
 g - a potion of haste {unknown}
 h - 2 potions of magic {unknown}
 i - a potion of attraction {unknown}
 j - 2 potions of curing {unknown}
 n - a potion of invisibility
 o - a potion of cancellation {unknown}


   Skills:
 + Level 4.0 Fighting
 + Level 3.3 Long Blades
 + Level 4.0 Armour
 + Level 3.9 Shields


You had 5 spell levels left.
You didn't know any spells.
Your spell library was empty.

Dungeon Overview and Level Annotations

Branches:
Dungeon (3/15)

Altars:
Xom


Message History

You are more poisoned.
The scorpion poisons you!
You hit the scorpion.
The scorpion is heavily wounded.
You feel very sick. The scorpion stings you! You block the scorpion's attack.
You hit the scorpion but do no damage.
The scorpion is heavily wounded.
You feel very sick. The scorpion stings you.
You are too injured to fight recklessly!
You are too injured to fight recklessly!
You are too injured to fight recklessly!
You are too injured to fight recklessly!
You are too injured to fight recklessly!
You are too injured to fight recklessly!
You are too injured to fight recklessly!
You are too injured to fight recklessly!
You are too injured to fight recklessly!
You are too injured to fight recklessly!
You are too injured to fight recklessly!
You are too injured to fight recklessly!
You are too injured to fight recklessly!
You are too injured to fight recklessly!
You are too injured to fight recklessly!
You are too injured to fight recklessly!
Unknown command.
You closely miss the scorpion.
The scorpion is heavily wounded.
You feel sick. The scorpion barely misses you. x2
You closely miss the scorpion.
The scorpion is heavily wounded.
You feel very sick. The scorpion stings you!
* * * LOW HITPOINT WARNING * * *
You hit the scorpion.
The scorpion is severely wounded.
* * * LOW HITPOINT WARNING * * *
You feel sick. The scorpion stings you!
You die...

#.........###..#####..
+.........+....# #..
#.........####.# #.#
##.......## #.# #.#
##.....## #.#####.#
##...## #.......#
##'## ###.##### #.#
#.# #@# #.# #s# #.#
.h. ..# ..... ###
.!...#. .###.##.# #.
### # #


You could see a scorpion and a jackal.

Vanquished Creatures
  Natasha (thrice) (D:2)
  Terence (D:2)
  2 adders (D:3)
  2 dart slugs (D:1)
  A worm (D:2)
  3 ball pythons
  7 bats
  7 endoplasms
  4 giant cockroaches
  4 goblins
  9 hobgoblins
  8 jackals (D:3)
  2 kobolds (D:1)
  A quokka (D:1)
  5 frilled lizards
  5 rats
64 creatures vanquished.

Notes
Turn   | Place    | Note
-------+----------+-------------------------------------------
     0 | D:1      | Deminshera the Human Fighter began the quest for the Orb.
     0 | D:1      | Reached XP level 1. HP: 18/18 MP: 1/1
     0 | D:1      | Noticed a ghoul
     1 | D:1      | Noticed a merfolk
     4 | D:1      | Noticed a demonspawn
     6 | D:1      | Noticed a felid
     7 | D:1      | Noticed a gargoyle
     8 | D:1      | Noticed a gargoyle
     9 | D:1      | Noticed a felid
    11 | D:1      | Noticed an ogre
    13 | D:1      | Noticed a draconian
    13 | D:1      | Noticed a dwarf
    15 | D:1      | Noticed a demigod
    17 | D:1      | Noticed a vine stalker
    19 | D:1      | Noticed a naga
    77 | D:1      | Reached XP level 2. HP: 24/24 MP: 2/2
   126 | D:1      | Found a faded altar of an unknown god.
   424 | D:1      | Reached XP level 3. HP: 28/29 MP: 3/3
   944 | D:2      | Noticed Terence
   953 | D:2      | Killed Terence
   954 | D:2      | Reached XP level 4. HP: 22/35 MP: 4/4
  1310 | D:2      | Noticed Natasha
  1329 | D:2      | Killed Natasha
  1330 | D:2      | Reached XP level 5. HP: 24/42 MP: 5/5
  1330 | D:2      | Noticed Natasha
  1337 | D:2      | Killed Natasha
  1605 | D:2      | Noticed Natasha
  1625 | D:2      | Killed Natasha
  2266 | D:3      | Found a shimmering altar of Xom.
  2562 | D:3      | Reached XP level 6. HP: 47/48 MP: 6/6
  2573 | D:3      | Slain by a scorpion

Illustrated notes

Levels and vault maps discovered:
D:1:      shiori_arrival_whats_in_store_for_you, layout_basic,
          hellmonk_ecumenical_altar_leap_of_faith
D:2:      layout_loops_ring, st_stairs_3, uniq_terence, uniq_natasha
D:3:      layout_loops_corners, overflow_temple_1_default, bloody_makhleb

Skill      XL: |  1  2  3  4  5 |
---------------+----------------+-----
Long Blades    | 3 |  3.3
Fighting       | 4 |  4.0
Armour         | 4 |  4.0
Shields        | |  3.9

Action                   |  1- 3 |  4- 6 || total
-------------------------+-------+-------++-------
Melee: Long sword        |    97 |   126 ||   223
Armor: Scale mail        |    48 |    54 ||   102
Dodge: Dodged            |    60 |    61 ||   121
Block: Buckler           |    26 |    27 ||    53

Table legend: (Time is in decaauts)
 A = Elapsed time spent in this place.
 B = Non-inter-level travel time spent in this place.
 C = Inter-level travel time spent in this place.
 D = Time resting spent in this place.
 E = Time spent auto-exploring this place.
 F = Levels seen in this place.
 G = Mean time per level.
                   A        B        C        D        E       F      G
               +--------+--------+--------+--------+--------+-----+--------+
         Total |   2649 |   2580 |     69 |    272 |   1848 |   3 |  883.0 |
       Dungeon |   2649 |   2580 |     69 |    272 |   1848 |   3 |  883.0 |
               +--------+--------+--------+--------+--------+-----+--------+

Top non-repeatable levels by time:
     D:2: 1235 daAuts
     D:1: 835 daAuts
     D:3: 578 daAuts
